Map: [G8] NeoHumanity

Players

ByuN - Winner!

  • Race: Terran Terran
  • Spawn Location: 5:00

Dark

  • Race: Zerg Zerg
  • Spawn Location: 11:00

Event: Gamers8 2023

VOD

Have the link to the VOD?

Description

Time

  • Played on: Aug. 4, 2023, 2:24 p.m.
  • Length: 31:23

All games in this series

Show
View Real Time Build Order
Export as new Build Order

ByuN Terran - Winner!

Build Orders:  

Get SALT Encoding   

  12  0:00  SCV  
  13  0:12  SCV  
  14  0:17  Supply Depot  
  14  0:24  SCV  
  15  0:38  SCV  
  15  0:39  Barracks  
  16  0:42  Refinery  
  16  0:51  SCV  
  17  1:03  SCV  
  18  1:15  SCV  
  19  1:27  Orbital Command  
  20  1:35  Command Center  
  20  1:38  Marine  
  20  1:49  Factory  
  20  1:53  SCV  
  21  1:59  Refinery  
  21  2:02  Barracks Reactor  
  21  2:05  SCV  
  22  2:10  Supply Depot  
  22  2:17  SCV  
  23  2:32  SCV  
  23  2:33  Starport, Hellion  
  26  2:38  Marine x2  
  26  2:44  SCV  
  29  2:50  Orbital Command  
  29  2:54  Factory Tech Lab  
  29  2:56  SCV  
  31  3:03  Marine x2  
  32  3:08  SCV  
  35  3:19  Medivac  
  35  3:21  Marine x2  
  35  3:23  SCV x2  
  35  3:25  Factory Tech Lab  
  39  3:31  Supply Depot  
  39  3:35  SCV x2  
  41  3:42  Marine x2  
  41  3:47  SCV  
  41  3:48  SCV  
  45  3:52  Banshee  
  48  3:56  Supply Depot  
  48  3:59  SCV  
  48  4:00  SCV  
  50  4:08  Command Center  
  50  4:11  SCV  
  50  4:12  SCV  
  50  4:13  Factory Reactor  
  52  4:17  Stimpack  
  52  4:23  SCV  
  53  4:24  SCV  
  54  4:33  Barracks, Marine  
  54  4:34  Barracks  
  54  4:35  SCV  
  54  4:36  SCV  
  57  4:42  Supply Depot  
  57  4:43  Starport Reactor  
  57  4:47  SCV  
  57  4:48  SCV  
  59  4:54  Marine, Engineering Bay x2  
  61  5:00  SCV x2  
  62  5:09  Siege Tank  
  62  5:12  Marine, Refinery, SCV x2  
  62  5:13  Refinery  
  68  5:14  Supply Depot  
  68  5:22  Orbital Command  
  68  5:23  Barracks  
  68  5:24  Barracks, SCV x2  
  68  5:28  Terran Infantry Armor Level 1  
  70  5:30  Terran Infantry Weapons Level 1  
  70  5:34  Marine x2  
  70  5:35  Marine x2  
  74  5:36  Marine, SCV  
  74  5:39  SCV  
  77  5:45  Siege Tank  
  77  5:47  Orbital Command  
  80  5:51  Medivac  
  80  5:52  Medivac  
  80  5:55  Supply Depot  
  85  5:57  SCV x2  
  85  6:00  Marine x2  
  85  6:01  Marine x3  
  85  6:02  Combat Shield  
  91  6:09  SCV x2  
  93  6:14  Barracks Reactor x2  
  93  6:17  SCV  
  94  6:20  Marine x4  
  94  6:21  SCV x2  
  100  6:29  Supply Depot  
  100  6:30  SCV  
  101  6:36  Siege Tank, Marine, SCV x2  
  101  6:37  Supply Depot x2  
  101  6:39  Marine x2  
  108  6:45  Armory  
  109  6:50  Marine x2  
  109  6:51  SCV x2  
  109  6:53  Medivac, SCV  
  109  6:54  Marine  
  117  6:57  Marine x4  
  117  6:58  Medivac  
  123  7:03  SCV x2  
  123  7:05  Marine x2  
  123  7:07  SCV  
  128  7:08  Marine  
  128  7:09  Refinery  
  127  7:16  Marine x5  
  127  7:17  Marine  
  133  7:23  Factory, Refinery  
  133  7:24  SCV x2  
  135  7:30  Marine x3  
  135  7:34  Marine x3  
  135  7:36  Command Center  
  141  7:39  Terran Infantry Weapons Level 2  
  141  7:40  Supply Depot  
  141  7:43  Terran Infantry Armor Level 2  
  141  7:49  Marine x2, SCV  
  141  8:00  Marine  
  141  8:01  Marine x6, SCV x2  
  148  8:07  Marine, Supply Depot  
  149  8:16  Supply Depot  
  149  8:25  Barracks, Factory Tech Lab, Terran Vehicle Weapons Level 1  
  149  8:27  Barracks x2  
  149  8:28  Marine, Supply Depot  
  149  8:29  Siege Tank, SCV x3  
  149  8:34  Missile Turret  
  156  8:41  Marine x7  
  158  8:43  Marine  
  158  8:46  SCV  
  158  8:47  Marauder, SCV x2  
  169  8:53  Command Center  
  169  8:58  Marine  
  169  8:59  SCV  
  171  9:06  Medivac x2  
  171  9:07  Planetary Fortress  
  171  9:09  SCV x2  
  177  9:11  SCV  
  177  9:15  Siege Tank  
  181  9:21  SCV x2  
  182  9:25  Barracks Tech Lab  
  182  9:26  Barracks Tech Lab x2  
  182  9:30  SCV  
  183  9:32  Missile Turret  
  183  9:33  SCV x2  
  183  9:36  Medivac x2  
  184  9:39  Siege Tank  
  184  9:41  Supply Depot  
  184  9:42  Supply Depot  
  184  9:43  SCV  
  188  9:48  Ghost Academy, Supply Depot  
  188  9:51  SCV  
  188  9:52  SCV x2  
  188  9:53  Siege Tank  
  188  9:59  Marauder  
  188  10:00  Marauder  
  188  10:03  Marauder  
  188  10:04  Marauder  
  185  10:13  Refinery  
  185  10:14  Refinery  
  185  10:15  Command Center  
  185  10:17  Terran Infantry Armor Level 3, Terran Infantry Weapons Level 3  
  185  10:18  Command Center  
  185  10:22  Missile Turret  
  181  10:36  Ghost x4  
  181  10:41  Viking x2  
  193  10:42  Orbital Command  
  193  10:51  Personal Cloaking  
  183  11:05  Ghost x4  
  183  11:11  Viking x2  
  186  11:12  Marine  
  181  11:29  Orbital Command  
  179  11:33  Ghost x3  
  179  11:34  Ghost  
  179  11:39  Siege Tank  
  185  11:41  Viking  
  185  11:42  SCV x2  
  185  11:44  SCV x2  
  185  11:46  Marine x2  
  158  11:47  Marine x2  
  158  11:50  Marine x4  
  158  11:54  Siege Tank, SCV x2  
  138  11:56  SCV  
  132  12:02  Marine x2, Ghost x2  
  132  12:04  Marine x2  
  132  12:05  Marine x2  
  132  12:06  SCV x2  
  132  12:07  Marine  
  141  12:11  Siege Tank  
  139  12:20  Ghost x2  
  127  12:27  Siege Tank, Marine  
  127  12:29  Marine  
  115  12:33  Orbital Command  
  115  12:35  Marauder x2  
  105  12:37  SCV  
  105  12:38  SCV  
  105  12:39  SCV  
  105  12:43  Siege Tank  
  109  12:49  SCV  
  109  12:50  SCV  
  111  12:52  SCV  
  111  12:58  Ghost  
  105  12:59  Siege Tank  
  105  13:01  SCV  
  105  13:02  SCV x2  
  105  13:04  SCV  
  112  13:08  Marine x8  
  120  13:13  SCV  
  120  13:14  SCV x2  
  120  13:15  Siege Tank  
  120  13:17  SCV  
  120  13:19  SCV  
  128  13:21  Ghost x2  
  128  13:25  SCV, Orbital Command  
  128  13:26  SCV  
  134  13:30  SCV x2  
  134  13:31  Siege Tank  
  134  13:32  Barracks Tech Lab  
  134  13:33  Marine x2  
  137  13:34  Marine  
  137  13:35  Marine  
  137  13:37  Marine x2  
  137  13:40  Terran Vehicle Weapons Level 2  
  141  13:42  SCV  
  141  13:43  SCV x3  
  141  13:45  SCV  
  141  13:46  Refinery  
  141  13:47  Refinery  
  146  13:50  Missile Turret, Unknown  
  146  13:51  Missile Turret  
  146  13:53  SCV  
  146  13:54  Siege Tank  
  146  13:55  SCV x3  
  153  13:58  SCV  
  153  14:02  SCV  
  155  14:04  Siege Tank  
  155  14:05  SCV  
  155  14:06  Concussive Shells  
  155  14:07  SCV x3  
  162  14:10  SCV  
  162  14:12  Command Center  
  162  14:14  SCV  
  164  14:17  SCV  
  164  14:19  SCV  
  164  14:24  Liberator x2  
  166  14:25  Marauder x4  
  166  14:26  Marine x3  
  183  14:31  SCV x2  
  183  14:32  SCV x2  
  183  14:33  SCV  
  188  14:43  Siege Tank x2  
  194  14:52  Command Center  
  194  14:53  Sensor Tower  
  194  15:03  Supply Depot  
  194  15:18  Fusion Core  
  194  15:23  Liberator, Ghost  
  194  15:26  Command Center  
  194  15:27  Command Center  
  199  15:29  Sensor Tower  
  199  15:36  Orbital Command  
  199  15:38  Command Center  
  199  15:40  Armory  
  198  16:06  Planetary Fortress  
  198  16:10  Advanced Ballistics, Sensor Tower, Factory  
  198  16:11  Command Center x2  
  198  16:14  Liberator, Factory  
  198  16:15  Factory  
  196  16:26  Terran Vehicle Weapons Level 3  
  196  16:34  Terran Vehicle And Ship Armor Level 1  
  196  16:39  Thor  
  197  16:55  Missile Turret  
  197  16:59  Command Center  
  197  17:00  Command Center  
  197  17:12  Factory Tech Lab  
  197  17:13  Factory Reactor  
  197  17:14  Factory Reactor  
  197  17:17  Command Center  
  197  17:25  Missile Turret  
  197  17:29  Rapid Reignition System  
  195  17:33  Missile Turret  
  195  17:44  Liberator, Refinery  
  194  17:45  Starport  
  194  17:48  Missile Turret  
  194  17:52  Planetary Fortress  
  194  17:53  Refinery  
  194  17:56  Command Center  
  194  17:58  Command Center  
  193  18:12  Thor  
  199  18:14  Planetary Fortress, Orbital Command  
  199  18:15  Orbital Command  
  198  18:32  Missile Turret  
  198  18:34  Missile Turret  
  198  18:35  Missile Turret  
  198  18:36  Marine, Starport Reactor  
  196  18:58  Thor  
  199  19:02  Missile Turret  
  199  19:07  Orbital Command  
  199  19:08  Orbital Command  
  197  19:11  Orbital Command  
  194  19:19  Thor  
  197  19:47  Hellbat  
  197  19:51  Terran Vehicle And Ship Armor Level 2  
  197  19:52  Terran Ship Weapons Level 1  
  199  19:53  Nuke  
  199  20:05  Smart Servos, Infernal Pre-Igniter  
  199  20:12  Thor  
  191  20:41  Planetary Fortress  
  191  20:42  Orbital Command  
  191  20:45  Refinery  
  191  20:57  Hi-Sec Auto Tracking, Neosteel Armor  
  191  21:04  Ghost x3  
  191  21:09  Liberator  
  194  21:36  Liberator x3  
  200  21:41  Refinery  
  188  22:27  Missile Turret x3  
  188  22:30  Missile Turret  
  188  22:33  Liberator x3  
  188  22:34  Terran Vehicle And Ship Armor Level 3, Terran Ship Weapons Level 2  
  195  23:04  Ghost  
  189  23:06  Hellbat x3  
  189  23:08  Ghost  
  190  23:12  Ghost  
  190  23:13  Ghost  
  190  23:16  Thor x3  
  190  23:17  Hellbat  
  200  23:22  Command Center  
  200  23:24  Command Center  
  196  23:55  Ghost x2  
  196  24:01  Missile Turret  
  196  24:02  Missile Turret  
  194  24:19  Ghost x2  
  194  24:23  Ghost  
  192  24:32  Thor  
  192  24:36  Hellbat x2  
  190  24:55  Thor  
  196  25:03  Ghost  
  196  25:22  Ghost x2  
  196  25:24  Ghost x2  
  196  25:25  Hellbat  
  191  25:45  Orbital Command  
  191  25:50  Orbital Command  
  191  25:52  Liberator x3  
  200  25:57  Terran Ship Weapons Level 3  
  185  26:31  Ghost  
  180  26:48  Ghost x3  
  180  26:49  Ghost  
  180  26:51  Hellbat  
  180  26:52  Hellbat x3  
  182  26:55  Medivac x2  
  182  27:00  Ghost  
  188  27:20  Ghost  
  188  27:21  Liberator x2  
  194  27:33  Ghost  
  194  27:34  Ghost  
  194  27:36  Hellbat x2  
  199  27:41  Ghost x2  
  191  27:45  Hellbat x2  
  191  27:48  Ghost  
  191  27:50  Liberator  
  178  28:06  Ghost x2  
  178  28:08  Thor  
  178  28:09  Thor  
  178  28:10  Ghost x2  
  192  28:13  Liberator  
  192  28:17  Ghost  
  179  28:34  Ghost x2  
  179  28:38  Ghost x2  
  179  28:40  Thor  
  186  28:45  Ghost  
  180  28:48  Hellbat x2  
  180  28:51  Thor x2  
  180  28:54  Hellbat x2  
  160  29:03  Ghost x2  
  160  29:07  Ghost x2  
  166  29:10  Hellbat x2  
  166  29:14  Ghost  
  166  29:16  Hellbat  
  165  29:18  Hellbat  
  161  29:24  Hellbat  
  157  29:31  Ghost x2  
  157  29:34  Thor  
  157  29:35  Ghost x2  
  171  29:42  Ghost  
  171  29:44  Medivac x2  
  177  30:00  Ghost x2  
  178  30:07  Ghost  
  178  30:09  Ghost  
  178  30:11  Ghost  
  178  30:12  Hellbat x2  
  170  30:28  Ghost x2  
  164  30:35  Ghost  
  164  30:38  Ghost  
  164  30:39  Hellbat x5, Ghost  
  164  30:40  Hellbat x2  
  174  31:00  Hellbat  
Show
View Real Time Build Order
Export as new Build Order

Dark Zerg 

Build Orders: Hatch First 

Get SALT Encoding   

  12  0:00  Drone  
  13  0:12  Overlord  
  13  0:17  Drone  
  14  0:30  Drone x2  
  16  0:48  Hatchery  
  15  0:53  Drone  
  15  0:55  Drone  
  17  1:09  Spawning Pool  
  16  1:12  Drone  
  16  1:15  Drone  
  18  1:20  Drone  
  19  1:30  Drone  
  21  1:40  Drone  
  21  1:47  Hatchery  
  20  1:55  Drone  
  20  2:00  Queen  
  20  2:01  Zergling x2  
  24  2:02  Zergling x2  
  25  2:09  Queen  
  25  2:15  Zergling x2  
  28  2:17  Overlord  
  28  2:38  Drone x4  
  28  2:39  Queen  
  34  2:44  Overlord  
  34  2:48  Drone  
  35  2:54  Overlord  
  35  2:58  Queen  
  35  3:03  Drone x2  
  38  3:07  Drone x2  
  38  3:11  Drone x3  
  38  3:12  Drone  
  44  3:16  Queen  
  46  3:23  Queen  
  48  3:28  Overlord  
  48  3:29  Drone x2  
  50  3:38  Drone x3  
  50  3:40  Drone  
  50  3:41  Drone x2  
  56  3:43  Overlord  
  56  3:48  Drone x3  
  58  3:50  Spore Crawler  
  58  3:53  Spore Crawler  
  57  3:56  Overlord  
  57  3:58  Overlord  
  57  4:00  Spore Crawler  
  56  4:03  Drone  
  56  4:05  Drone x2  
  59  4:11  Roach Warren  
  59  4:12  Drone x2  
  60  4:18  Zergling x2  
  60  4:19  Zergling x4  
  60  4:20  Overlord  
  60  4:23  Drone x2  
  60  4:24  Drone  
  66  4:28  Overlord  
  66  4:30  Overlord  
  66  4:33  Extractor, Overlord  
  66  4:34  Extractor x2  
  66  4:35  Extractor, Drone x2  
  66  4:36  Drone  
  66  4:37  Extractor  
  66  4:38  Drone  
  65  4:39  Drone  
  65  4:41  Drone x2  
  68  4:46  Drone x2  
  68  4:48  Drone  
  71  4:57  Drone x4  
  71  4:59  Drone  
  76  5:00  Drone  
  76  5:06  Drone x4  
  81  5:10  Drone  
  81  5:12  Drone x3  
  81  5:13  Lair  
  85  5:14  Extractor  
  85  5:16  Evolution Chamber  
  85  5:17  Evolution Chamber, Drone x2  
  84  5:23  Drone x2  
  84  5:27  Roach, Overlord x2  
  88  5:32  Overlord  
  88  5:38  Overlord  
  88  5:39  Hatchery  
  88  5:40  Roach  
  89  5:43  Zerg Ground Armor Level 1, Zerg Missile Weapons Level 1  
  89  5:46  Roach x2  
  89  5:47  Roach  
  89  5:49  Roach  
  97  5:50  Metabolic Boost  
  97  5:53  Roach  
  97  5:54  Roach  
  97  5:56  Roach  
  103  5:58  Roach  
  103  6:01  Drone x4  
  109  6:13  Roach x6  
  109  6:14  Glial Reconstitution  
  109  6:17  Infestation Pit  
  120  6:23  Drone  
  120  6:24  Unknown  
  120  6:30  Overlord x2  
  120  6:31  Overlord  
  120  6:34  Overlord  
  120  6:37  Overlord  
  120  6:39  Overlord  
  120  6:40  Drone  
  121  6:54  Drone x2  
  123  6:55  Roach x4  
  123  6:56  Ravager x6  
  123  6:57  Roach  
  123  6:58  Roach x4  
  123  6:59  Roach  
  123  7:00  Roach  
  153  7:01  Roach  
  153  7:03  Roach x2  
  153  7:07  Roach  
  159  7:08  Ravager  
  160  7:20  Hive  
  160  7:23  Overlord  
  160  7:26  Overlord  
  160  7:27  Spire, Zergling x2  
  160  7:28  Zergling x20  
  170  7:36  Overlord  
  170  7:37  Overlord  
  170  7:39  Infestor x2  
  174  7:53  Zergling x12  
  179  8:12  Zergling x24  
  191  8:13  Hatchery  
  191  8:14  Zerg Ground Armor Level 2  
  191  8:15  Zerg Melee Weapons Level 1  
  191  8:16  Baneling Nest  
  190  8:25  Hatchery  
  189  8:32  Zergling x20  
  199  8:36  Spore Crawler  
  199  8:39  Greater Spire  
  199  8:40  Spore Crawler  
  197  8:42  Adrenal Glands, Spore Crawler  
  196  9:01  Centrifugal Hooks  
  196  9:03  Baneling  
  196  9:04  Baneling x10  
  194  9:25  Corruptor x4  
  194  9:27  Corruptor  
  194  9:29  Corruptor  
  199  9:37  Corruptor  
  190  9:42  Spore Crawler  
  190  9:45  Spore Crawler  
  181  9:59  Brood Lord, Zerg Flyer Weapons Level 1  
  181  10:00  Brood Lord x4  
  179  10:12  Brood Lord x2  
  183  10:14  Zergling x32  
  199  10:27  Zerg Melee Weapons Level 2  
  197  10:34  Zergling x22  
  199  10:37  Baneling x18  
  199  10:49  Zerg Ground Armor Level 3  
  199  10:51  Baneling x4  
  199  10:52  Baneling x3  
  178  11:07  Zergling x10  
  178  11:08  Zergling x40  
  197  11:23  Zergling x10  
  196  11:38  Zergling x18  
  182  11:45  Zergling x4  
  159  11:51  Zergling x6  
  147  11:58  Zergling x2  
  137  12:02  Baneling x8  
  137  12:06  Roach x2  
  137  12:07  Roach  
  139  12:13  Roach x2  
  111  12:23  Roach x2  
  111  12:24  Roach  
  109  12:30  Roach  
  107  12:37  Roach x2  
  107  12:39  Zergling x2  
  100  12:45  Drone x2  
  100  12:49  Queen x2  
  100  12:50  Drone  
  102  12:52  Drone  
  91  12:58  Drone  
  91  12:59  Drone  
  91  13:01  Drone  
  91  13:02  Drone  
  90  13:06  Drone x2  
  92  13:13  Infestor x2  
  92  13:16  Infestor  
  98  13:21  Pathogen Glands  
  98  13:36  Zergling x18  
  107  13:45  Zergling x4  
  109  13:49  Infestor x3  
  109  13:50  Infestor  
  109  13:52  Ravager  
  109  13:53  Ravager x9  
  109  13:54  Ravager  
  128  13:58  Zergling x4  
  128  13:59  Zergling x2  
  128  14:01  Zergling x2  
  132  14:09  Drone  
  134  14:10  Drone x3  
  134  14:12  Extractor x2, Hatchery  
  134  14:16  Drone x2  
  135  14:23  Drone  
  136  14:34  Zergling x2  
  136  14:35  Zergling x22  
  148  14:41  Drone x3  
  151  14:51  Lair  
  151  14:54  Drone x2  
  151  14:55  Drone  
  151  14:58  Drone x2  
  156  15:05  Neural Parasite  
  156  15:09  Corruptor x6  
  156  15:10  Hatchery  
  167  15:27  Drone x4  
  171  15:29  Extractor, Drone x2  
  171  15:30  Extractor  
  171  15:33  Zergling x16  
  178  15:44  Brood Lord x4  
  188  15:50  Brood Lord  
  188  15:52  Drone x4  
  188  15:54  Spore Crawler  
  191  15:57  Brood Lord  
  191  15:59  Zergling x12  
  199  16:08  Baneling x8  
  199  16:10  Overseer  
  198  16:19  Drone  
  198  16:22  Hive  
  198  16:35  Burrow  
  198  16:43  Zerg Flyer Weapons Level 2  
  198  16:45  Drone  
  199  16:52  Hatchery  
  198  17:03  Spire  
  198  17:05  Extractor  
  195  17:09  Baneling x3  
  195  17:10  Hatchery, Drone x3  
  195  17:11  Drone  
  195  17:12  Drone x2  
  200  17:27  Drone  
  200  17:28  Drone x3  
  197  17:30  Pneumatized Carapace  
  196  17:40  Drone x4  
  200  17:46  Zerg Melee Weapons Level 3  
  200  18:03  Spore Crawler  
  198  18:16  Drone x3  
  198  18:21  Drone x3  
  198  18:28  Spore Crawler  
  198  18:29  Zerg Flyer Armor Level 1  
  198  18:30  Drone  
  198  18:31  Drone x2  
  198  18:32  Extractor  
  199  18:37  Drone  
  197  19:01  Viper  
  200  19:07  Extractor  
  200  19:08  Spine Crawler, Spore Crawler  
  200  19:09  Spine Crawler, Spore Crawler  
  195  19:10  Spine Crawler  
  195  19:12  Drone  
  194  19:19  Viper  
  194  19:20  Corruptor  
  194  19:23  Hatchery  
  197  19:34  Overlord  
  197  19:37  Spore Crawler x2  
  191  19:46  Corruptor x4  
  199  19:53  Overseer  
  199  19:54  Overseer  
  193  20:15  Corruptor x3  
  195  20:38  Spore Crawler x2  
  195  20:39  Spore Crawler  
  195  20:42  Zerg Flyer Weapons Level 3, Zerg Flyer Armor Level 2  
  187  20:53  Brood Lord x5  
  197  21:11  Drone  
  197  21:12  Drone x2  
  200  21:18  Spine Crawler  
  200  21:19  Spine Crawler x2  
  200  21:20  Spine Crawler  
  200  21:21  Extractor  
  200  21:22  Extractor  
  188  21:34  Corruptor x5  
  188  21:38  Brood Lord x2  
  199  21:58  Spore Crawler x2  
  197  22:11  Brood Lord  
  199  22:32  Spore Crawler  
  198  22:40  Overseer x2  
  198  22:41  Overseer x3  
  198  22:42  Spore Crawler  
  198  22:43  Spore Crawler x2  
  172  23:19  Viper x2  
  175  23:21  Queen x3, Brood Lord x4  
  175  23:22  Queen x4  
  200  23:34  Spore Crawler x2  
  199  23:37  Spore Crawler  
  199  23:40  Infestor  
  199  23:52  Zerg Flyer Armor Level 3  
  199  23:55  Spore Crawler  
  198  23:56  Spore Crawler  
  196  24:22  Infestor x2  
  197  24:49  Infestor x9  
  196  24:57  Zergling x2  
  196  24:58  Zergling x10  
  200  25:03  Corruptor  
  200  25:04  Corruptor x2  
  194  25:26  Spore Crawler  
  192  25:32  Corruptor x4  
  198  25:55  Spire, Drone  
  192  26:05  Brood Lord x3  
  200  26:18  Brood Lord x3  
  200  26:22  Brood Lord  
  197  26:27  Overlord  
  197  26:30  Infestation Pit  
  180  26:57  Overlord x9  
  180  26:59  Overlord  
  177  27:16  Corruptor x9  
  191  27:43  Corruptor x5  
  185  27:46  Overlord x3  
  185  27:47  Overlord x2  
  185  27:48  Overlord  
  187  27:52  Overlord  
  188  27:59  Queen x2  
  188  28:05  Corruptor x9  
  170  28:11  Corruptor  
  182  28:15  Brood Lord  
  182  28:18  Brood Lord x7  
  196  28:36  Corruptor  
  196  28:37  Corruptor x2  
  196  28:38  Infestor x10  
  168  29:00  Infestor x3  
  168  29:02  Lair  
  153  29:19  Corruptor x4  
  153  29:21  Drone  
  153  29:22  Drone x3  
  164  29:25  Infestor x8  
  164  29:26  Infestor x4  
  164  29:29  Infestor x2  
  168  29:39  Spawning Pool  
  168  29:40  Corruptor  
  168  29:41  Corruptor x2  
  168  29:44  Drone  
  168  29:45  Drone  
  175  29:55  Hatchery  
  153  30:09  Infestor x3  
  153  30:10  Infestor x6  
  145  30:38  Infestor x2  
  145  30:41  Infestor  
Tags
 
Add a new tag
Caveats
  • Supply blocks, unpowered buildings, or Contaminate may cause inaccurate times.
  • Supply counts are checked every 10 seconds.